AoeStats
← Vakkil_Vandumurugan

Nomad

510130126Analyzed
2v2 RM · 2d ago on Sep 29, 2026· 32m 31s· 4 players
Game mode
Random Map
Map size
176×176
Population
200
Speed
Normal
Resources
Standard
Victory
Conquest
Starting age
Dark Age
Ending age
Imperial Age
RankedLock teamsTeams togetherTeam positionsShared explorationLock speedFull tech treeHidden civsTurbo modeCheats
Victory
Defeat
🇵🇱 Wei · Poland
1061
+16
🇵🇱 Spanish · Poland
1033
+17
🇮🇳 Vikings · India
1139
-19
🇩🇪 Japanese · Germany
985
-14
DeathNote
13:46 Feudal Age
18:02 Castle Age
16:04 Stone Mining
16:32 Double-Bit Axe
18:01 Horse Collar
20:26 Gold Mining
22:27 Wheelbarrow
22:19 Padded Archer Armor
24:33 Husbandry
24:44 Bloodlines
27:43 Leather Archer Armor
32:13 Imperial Age
30:34 Loom
32:22 Hand Cart
33:22 Conscription
Decen't
5:16 Loom
14:28 Feudal Age
15:36 Double-Bit Axe
20:42 Castle Age
19:59 Bloodlines
21:16 Scale Barding Armor
27:57 Town Watch
Vakkil_Vandumurugan
4:03 Loom
14:03 Feudal Age
17:38 Castle Age
15:25 Double-Bit Axe
16:03 Fletching
17:29 Horse Collar
18:34 Bow Saw
18:18 Stone Mining
19:43 Bodkin Arrow
21:00 Crossbowman
Vixster
14:30 Feudal Age
21:44 Castle Age
20:07 Double-Bit Axe
23:02 Loom
25:23 Elite Skirmisher
Connection lost

Rejoining the realm…

Still unreachable

The connection could not be restored.

Session expired

The server has moved on; the page needs a fresh start.